[ AOE2 MATCH · #513638825 ]
UnrankedMapuche vs Persians
Player's team · LOSS
Rival team · WIN
[ REPLAY ANALYSIS · EXTRACTED FROM THE RECORDED GAME ]
Feudal
9:17
Castle
—
Imperial
—
| APM avg | 74.5 |
| APM peak | 126 |
| eAPM avg | 30.2 |
| Villagers / military | 45 / 37 |
Focus
⚔️ 43.9% · 🌾 56.1%
Skirmisher ×30 · Spearman ×7 · Unknown (2550) ×3
Feudal
8:54
Castle
—
Imperial
—
| APM avg | 89.1 |
| APM peak | 127 |
| eAPM avg | 28.2 |
| Villagers / military | 57 / 29 |
Focus
⚔️ 45.2% · 🌾 54.8%
Archer ×19 · Scout Cavalry ×6 · Militia ×4
Match map
Initial resources + every placement click. Lines = walls · curves = elevation contours. ◆ gold · ⬟ stone · ● berries · ✦ relic · ◌ wall gap
Your base· Open — unwalled flank
가짜 꽃잎이 바람에 흩's base· Open — unwalled flank
Smoothed initial terrain · ◌ = detected wall gap · hover for details
Inputs per minute
— hK | FraKTal - - 가짜 꽃잎이 바람에 흩
Build order — hK | FraKTal
129 actions detected in the replay
| 0:00 | Queue | Villager (Male) |
| 0:01 | Queue | Villager (Male) |
| 0:01 | Queue | Villager (Male) |
| 0:02 | Build | House |
| 0:03 | Build | House |
| 0:13 | Queue | Villager (Male) |
| 1:23 | Queue | Villager (Male) |
| 1:57 | Build | Settlement |
| 2:00 | Queue | Villager (Male) |
| 2:00 | Queue | Villager (Male) |
| 2:14 | Queue | Villager (Male) |
| 2:47 | Build | Palisade Wall |
| 2:51 | Queue | Villager (Male) |
| 3:14 | Queue | Villager (Male) |
| 3:15 | Queue | Villager (Male) |
| 4:12 | Queue | Villager (Male) |
| 4:12 | Queue | Villager (Male) |
| 4:12 | Queue | Villager (Male) |
| 4:13 | Queue | Villager (Male) |
| 5:15 | Queue | Villager (Male) |
| 5:43 | Build | Barracks |
| 5:47 | Queue | Villager (Male) |
| 5:48 | Queue | Villager (Male) |
| 6:15 | Queue | Villager (Male) |
| 6:16 | Research | Loom |
| 6:46 | Research | Feudal Age |
| 6:49 | Queue | Unit 2550 |
| 6:54 | Build | House |
| 7:12 | Queue | Unit 2550 |
| 7:28 | Build | Settlement |
| 8:26 | Queue | Unit 2550 |
| 8:37 | Build | Settlement |
| 8:46 | Build | Palisade Wall |
| 9:04 | Queue | Villager (Male) |
| 9:17 | Age | Feudal Age |
| 9:18 | Build | Palisade Wall |
| 9:19 | Build | Palisade Wall |
| 9:34 | Research | Tech 1402 |
| 9:35 | Queue | Villager (Male) |
| 9:43 | Build | Palisade Wall |
| 10:00 | Queue | Villager (Male) |
| 10:26 | Queue | Villager (Male) |
| 10:27 | Queue | Villager (Male) |
| 11:23 | Queue | Skirmisher |
| 11:23 | Queue | Skirmisher |
| 11:25 | Queue | Skirmisher |
| 11:50 | Queue | Villager (Male) |
| 12:01 | Build | Farm |
| 12:02 | Build | Farm |
| 12:07 | Build | Farm |
| 12:18 | Build | Farm |
| 12:19 | Build | Farm |
| 12:23 | Build | Farm |
| 12:48 | Build | Farm |
| 12:51 | Build | Farm |
| 12:54 | Build | Farm |
| 12:55 | Build | Farm |
| 12:59 | Queue | Villager (Male) |
| 13:02 | Queue | Skirmisher |
| 13:02 | Queue | Skirmisher |
| 13:10 | Build | House |
| 13:17 | Queue | Villager (Male) |
| 13:31 | Queue | Skirmisher |
| 13:31 | Queue | Skirmisher |
| 13:40 | Queue | Villager (Male) |
| 14:00 | Queue | Skirmisher |
| 14:14 | Queue | Villager (Male) |
| 14:16 | Build | Farm |
| 14:33 | Queue | Villager (Male) |
| 14:54 | Queue | Skirmisher |
| 14:54 | Queue | Skirmisher |
| 14:55 | Queue | Villager (Male) |
| 14:55 | Queue | Villager (Male) |
| 14:59 | Build | Outpost |
| 15:05 | Queue | Skirmisher |
| 15:06 | Queue | Villager (Male) |
| 15:06 | Queue | Villager (Male) |
| 15:19 | Queue | Skirmisher |
| 15:41 | Queue | Skirmisher |
| 15:46 | Queue | Villager (Male) |
| 15:52 | Queue | Villager (Male) |
| 15:53 | Queue | Skirmisher |
| 15:53 | Queue | Skirmisher |
| 16:06 | Queue | Skirmisher |
| 16:06 | Queue | Skirmisher |
| 16:08 | Queue | Villager (Male) |
| 16:08 | Queue | Villager (Male) |
| 16:15 | Research | Double-Bit Axe |
| 16:15 | Research | Double-Bit Axe |
| 16:35 | Queue | Spearman |
| 16:36 | Queue | Spearman |
| 16:36 | Queue | Villager (Male) |
| 16:36 | Queue | Villager (Male) |
| 16:41 | Queue | Villager (Male) |
| 16:49 | Build | Outpost |
| 16:54 | Queue | Skirmisher |
| 16:54 | Queue | Skirmisher |
| 16:58 | Build | House |
| 17:01 | Build | House |
| 17:03 | Build | House |
| 17:41 | Build | Blacksmith |
| 17:43 | Queue | Skirmisher |
| 17:43 | Queue | Skirmisher |
| 17:48 | Queue | Villager (Male) |
| 17:55 | Build | Farm |
| 18:11 | Queue | Skirmisher |
| 18:15 | Queue | Villager (Male) |
| 18:23 | Research | Padded Archer Armor |
| 18:23 | Research | Padded Archer Armor |
| 18:41 | Queue | Spearman |
| 18:42 | Queue | Spearman |
| 18:42 | Queue | Spearman |
| 18:49 | Build | House |
| 19:03 | Queue | Skirmisher |
| 19:03 | Queue | Skirmisher |
| 19:03 | Queue | Skirmisher |
| 19:21 | Queue | Villager (Male) |
| 19:28 | Build | Farm |
| 19:29 | Build | Farm |
| 19:35 | Research | Fletching |
| 19:35 | Research | Fletching |
| 19:47 | Queue | Skirmisher |
| 19:47 | Queue | Skirmisher |
| 19:55 | Queue | Villager (Male) |
| 20:02 | Queue | Skirmisher |
| 20:02 | Queue | Skirmisher |
| 20:35 | Queue | Spearman |
| 20:35 | Queue | Skirmisher |
| 20:36 | Queue | Spearman |
Build order — 가짜 꽃잎이 바람에 흩
130 actions detected in the replay
| 0:02 | Queue | Villager (Male) ×5 |
| 0:02 | Queue | Villager (Male) ×5 |
| 0:03 | Build | House |
| 0:05 | Build | House |
| 1:32 | Queue | Villager (Male) |
| 1:32 | Queue | Villager (Male) |
| 1:48 | Queue | Villager (Male) |
| 1:48 | Queue | Villager (Male) |
| 2:06 | Queue | Villager (Male) |
| 2:06 | Queue | Villager (Male) |
| 2:11 | Build | Lumber Camp |
| 2:26 | Queue | Villager (Male) |
| 2:56 | Queue | Villager (Male) |
| 3:34 | Queue | Villager (Male) |
| 3:34 | Queue | Villager (Male) |
| 3:42 | Build | House |
| 4:13 | Queue | Villager (Male) |
| 4:40 | Queue | Villager (Male) |
| 5:00 | Build | Barracks |
| 5:05 | Queue | Villager (Male) |
| 5:26 | Queue | Villager (Male) |
| 5:29 | Build | House |
| 5:56 | Queue | Villager (Male) |
| 6:07 | Queue | Militia |
| 6:26 | Research | Loom |
| 6:26 | Research | Loom |
| 6:43 | Research | Feudal Age |
| 6:43 | Research | Feudal Age |
| 6:44 | Queue | Militia |
| 7:13 | Queue | Militia |
| 7:14 | Queue | Militia |
| 7:15 | Build | Mining Camp |
| 7:47 | Build | House |
| 8:14 | Queue | Villager (Male) |
| 8:39 | Queue | Villager (Male) |
| 8:54 | Age | Feudal Age |
| 8:56 | Build | Archery Range |
| 8:57 | Research | Man-at-Arms (upgrade) |
| 8:58 | Research | Double-Bit Axe |
| 9:22 | Queue | Villager (Male) |
| 9:39 | Queue | Archer |
| 9:41 | Build | Mill |
| 10:02 | Queue | Villager (Male) |
| 10:07 | Queue | Archer |
| 10:39 | Queue | Villager (Male) |
| 10:39 | Queue | Villager (Male) |
| 10:47 | Queue | Archer |
| 11:05 | Build | House |
| 11:07 | Build | Palisade Wall |
| 11:10 | Queue | Archer |
| 11:28 | Queue | Villager (Male) |
| 11:39 | Queue | Villager (Male) |
| 11:39 | Queue | Villager (Male) |
| 11:52 | Build | Blacksmith |
| 11:58 | Build | Farm |
| 11:59 | Build | Farm |
| 12:01 | Build | Farm |
| 12:02 | Build | Farm |
| 12:23 | Build | Farm |
| 12:27 | Build | Farm |
| 12:31 | Build | Farm |
| 12:34 | Queue | Archer |
| 12:36 | Queue | Villager (Male) |
| 12:36 | Queue | Villager (Male) |
| 12:50 | Build | Farm |
| 12:54 | Queue | Villager (Male) |
| 13:03 | Queue | Archer |
| 13:03 | Queue | Archer |
| 13:18 | Build | House |
| 13:33 | Queue | Villager (Male) |
| 13:35 | Build | Farm |
| 13:40 | Queue | Archer |
| 14:05 | Queue | Villager (Male) |
| 14:08 | Build | Farm |
| 14:09 | Build | Farm |
| 14:13 | Queue | Archer |
| 14:22 | Queue | Villager (Male) |
| 14:23 | Research | Fletching |
| 14:23 | Research | Fletching |
| 14:32 | Build | Farm |
| 14:37 | Queue | Villager (Male) |
| 14:47 | Queue | Villager (Male) |
| 14:51 | Queue | Archer |
| 14:54 | Build | House |
| 15:05 | Build | Farm |
| 15:15 | Queue | Villager (Male) |
| 15:34 | Queue | Villager (Male) |
| 15:34 | Queue | Archer |
| 15:35 | Queue | Archer |
| 16:05 | Build | Stable |
| 16:10 | Queue | Archer |
| 16:19 | Queue | Villager (Male) |
| 16:36 | Queue | Archer |
| 16:42 | Build | House |
| 16:47 | Queue | Villager (Male) |
| 16:47 | Queue | Villager (Male) |
| 16:48 | Queue | Villager (Male) |
| 16:48 | Queue | Villager (Male) |
| 16:49 | Queue | Scout Cavalry |
| 16:49 | Queue | Scout Cavalry |
| 16:50 | Queue | Scout Cavalry |
| 17:09 | Queue | Villager (Male) |
| 17:22 | Queue | Scout Cavalry |
| 17:25 | Build | Farm |
| 17:26 | Build | Farm |
| 17:33 | Queue | Archer |
| 17:33 | Queue | Archer |
| 17:33 | Queue | Archer |
| 17:47 | Build | House |
| 17:49 | Build | House |
| 17:54 | Build | Farm |
| 17:56 | Research | Wheelbarrow |
| 17:56 | Research | Wheelbarrow |
| 18:01 | Queue | Scout Cavalry |
| 18:07 | Build | House |
| 18:32 | Queue | Villager (Male) |
| 18:32 | Queue | Villager (Male) |
| 18:42 | Queue | Villager (Male) |
| 18:42 | Queue | Villager (Male) |
| 18:48 | Queue | Villager (Male) |
| 19:04 | Queue | Scout Cavalry |
| 19:05 | Build | House |
| 19:22 | Build | House |
| 19:44 | Queue | Villager (Male) |
| 19:45 | Queue | Archer |
| 19:58 | Build | Farm |
| 20:04 | Build | Archery Range |
| 20:13 | Queue | Villager (Male) |
| 20:32 | Queue | Archer |
| 20:43 | Research | Castle Age |
Match timeline
| 2:47 | hK | FraKTal · wall_segment Palisade Wall x1 |
| 5:00 | 가짜 꽃잎이 바람에 흩 · first_building Barracks |
| 5:43 | hK | FraKTal · first_building Barracks |
| 8:46 | hK | FraKTal · wall_segment Palisade Wall x1 |
| 8:54 | 가짜 꽃잎이 바람에 흩 · age_up feudal |
| 8:56 | 가짜 꽃잎이 바람에 흩 · first_building Archery Range |
| 9:17 | hK | FraKTal · age_up feudal |
| 9:18 | hK | FraKTal · wall_segment Palisade Wall x1 |
| 9:19 | hK | FraKTal · wall_segment Palisade Wall x1 |
| 9:43 | hK | FraKTal · wall_segment Palisade Wall x2 |
| 11:07 | 가짜 꽃잎이 바람에 흩 · wall_segment Palisade Wall x1 |
| 16:05 | 가짜 꽃잎이 바람에 흩 · first_building Stable |
| 21:04 | hK | FraKTal · resign |
[ AI ANALYSIS · 1 CREDIT ]
What really happened in this match?
Wolo.gg analyzes every decision: build order, eco, micro, common mistakes by bracket. Personalized analysis on WhatsApp or Discord in 30 seconds.
Civ guide
Mapuche
Perfil
Jugador #22003517